 Dungeon Crawl Stone Soup version 0.30-a0-51-g784eafce7f (webtiles) character file.

Game seed: 4694393555331254125

180575 Newt the Carver (level 17, -3/140 HPs)
             Began as a Demonspawn Gladiator on Sept 5, 2022.
             Was an Initiate of Gozag.
             Succumbed to poison (dark miasma)
             ... on level 4 of the Swamp.
             The game lasted 01:19:57 (44505 turns).

Newt the Carver (Demonspawn Gladiator)             Turns: 44505, Time: 01:19:58

Health: -3/140     AC: 34    Str: 24    XL:     17   Next: 31%
Magic:  17/17      EV: 20    Int: 13    God:    Gozag
Gold:   2200       SH: 23    Dex: 16    Spells: 16/16 levels left

rFire   . . .      SeeInvis +    a - +9 long sword of Eskumer {vorpal, rElec}
rCold   + + +      Faith    .    L - +0 kite shield {reflect}
rNeg    + + .      Spirit   .    k - +0 pearl dragon scales
rPois   .          Reflect  +    j - +1 helmet
rElec   +          Harm     .    P - +1 cloak {Stlth+}
rCorr   +          Rampage  .    M - +0 pair of gloves
Will    +....                    O - +2 pair of boots of the Terrible God {rC++ Str+6}
Stlth   +.........               G - amulet of reflection
HPRegen 0.33/turn                c - ring of the Octopus King {HP+2 AC+2 EV+2 SH+2 SInv}
MPRegen 0.15/turn                B - ring of positive energy

@: mighty, agile, lethally poisoned (-3 -> -22), gold aura, slowed, very slow
A: yellow scales 3, icemail 1, powered by pain 2, condensation shield,
corrupting presence 2, weakness stinger 2, cold resistance 1, sense surroundings
1
}: 1/15 runes: serpentine
a: Renounce Religion, Potion Petition, Call Merchant, Bribe Branch


You were on level 4 of the Swamp.
You worshipped Gozag.
Gozag was most pleased with you.
You visited 5 branches of the dungeon, and saw 26 of its levels.
You also visited: Sewer, Ossuary and Bailey.

You collected 10144 gold pieces.
You spent 5567 gold pieces at shops.
You paid 2377 gold pieces to Gozag.

Inventory:

Hand Weapons
 a - the +9 long sword of Eskumer (weapon) {vorpal, rElec}
   (You found it on level 3 of the Lair of Beasts)

   It inflicts extra damage upon your enemies.
   rElec:     It insulates you from electricity.
 b - the +6 dagger of Heagik {venom, rPois Str+4 Dex-5 SInv}
   (You bought it in a shop on level 5 of the Lair of Beasts)

   It poisons the flesh of those it strikes.
   Str:       It affects your strength (+4).
   Dex:       It affects your dexterity (-5).
   rPois:     It protects you from poison.
   SInv:      It lets you see invisible.
 e - the +11 plutonium sword {Contam Stlth-}
   (You bought it in a shop on level 4 of the Snake Pit)

   It occasionally inflicts wild transmutation effects on those it strikes,
   inflicting malmutation or extra damage, or polymorphing them into a new form.
   Contam:    It causes magical contamination when unequipped.
   Stlth:     It makes you less stealthy.
 y - the +6 great sword of Jisausy {speed, rC- rCorr Dex+8}
   (You bought it in a shop on level 4 of the Snake Pit)

   Attacks with this weapon are significantly faster.
   Dex:       It affects your dexterity (+8).
   rC:        It makes you vulnerable to cold.
   rCorr:     It protects you from acid and corrosion.
 J - the +4 demon blade "Lurghecin" {elec, rC+ rCorr Str+3 Dex+4}
   (You acquired it on level 1 of the Swamp)

   It occasionally discharges a powerful burst of electricity upon striking a
   foe.
   Str:       It affects your strength (+3).
   Dex:       It affects your dexterity (+4).
   rC:        It protects you from cold.
   rCorr:     It protects you from acid and corrosion.
Missiles
 d - 2 throwing nets
 u - 53 poisoned darts (quivered)
Armour
 j - a +1 helmet (worn)
 k - +0 pearl dragon scales (worn)
 v - a +4 plate armour of willpower
 L - a +0 kite shield of reflection (worn)
 M - a +0 pair of gloves (worn)
 O - the +2 pair of boots of the Terrible God (worn) {rC++ Str+6}
   (You found it in a bailey)

   Str:       It affects your strength (+6).
   rC:        It greatly protects you from cold.
 P - a +1 cloak of stealth (worn)
 X - the +1 crystal plate armour of the Boiling Point {Slay+3}
   (You bought it in a shop on level 1 of the Dungeon)

   Slay:      It affects your accuracy & damage with ranged weapons and melee
   (+3).
Jewellery
 c - a ring of the Octopus King (left hand) {HP+2 AC+2 EV+2 SH+2 SInv}
   (You bought it in a shop on level 2 of the Snake Pit)

   [ring of see invisible]

   AC:        It affects your AC (+2).
   EV:        It affects your evasion (+2).
   HP:        It affects your health (+2).
   SInv:      It lets you see invisible.
   SH:        It affects your SH (+2).
 l - a +6 ring of strength
 n - a +6 ring of dexterity
 o - a +4 ring of evasion
 q - a +4 ring of evasion
 B - a ring of positive energy (right hand)
 E - an amulet of the acrobat
 G - an amulet of reflection (around neck)
Wands
 r - a wand of acid (3)
 t - a wand of mindburst (18)
 I - a wand of digging (9)
 K - a wand of charming (15)
 R - a wand of roots (14)
 S - a wand of polymorph (14)
 U - a wand of flame (10)
Scrolls
 h - 6 scrolls of fear
 s - a scroll of magic mapping
 x - 4 scrolls of fog
 C - 5 scrolls of amnesia
 F - a scroll of silence
 H - 13 scrolls of teleportation
 T - a scroll of brand weapon
 Z - 3 scrolls of enchant weapon
Potions
 f - 2 potions of resistance
 g - 3 potions of might
 i - 7 potions of brilliance
 m - 3 potions of flight
 p - 6 potions of lignification
 w - 16 potions of curing
 z - 10 potions of haste
 A - 4 potions of invisibility
 Q - 4 potions of cancellation
 V - 3 potions of berserk rage
 W - 2 potions of magic
Miscellaneous
 Y - a condenser vane


   Skills:
 + Level 13.9 Fighting
 - Level 10.0(13.6) Short Blades
 - Level 14.8(16.0) Long Blades
 - Level 4.0 Throwing
 - Level 10.0 Armour
 - Level 8.3 Dodging
 - Level 2.0 Stealth
 - Level 10.0 Shields
 - Level 14.0 Evocations


You had 16 spell levels left.
You didn't know any spells.
Your spell library contained the following spells:

 Spells                   Type           Power      Damage    Failure   Level
 Beastly Appendage        Tmut           0%         N/A       86%         1
 Magic Dart               Conj           0%         1d3       86%         1
 Sandblast                Erth           0%         2d4       86%         1
 Call Imp                 Summ           0%         N/A       95%         2
 Passwall                 Tmut/Erth      0%         N/A       95%         2
 Searing Ray              Conj           0%         2d4       95%         2
 Sublimation of Blood     Necr           0%         N/A       95%         2
 Wereblood                Tmut           0%         N/A       95%         2
 Mephitic Cloud           Conj/Pois/Air  0%         N/A       99%         3
 Spider Form              Tmut/Pois      0%         N/A       99%         3
 Stone Arrow              Conj/Erth      0%         3d7       99%         3
 Animate Armour           Summ/Erth      0%         N/A       100%        4
 Fulminant Prism          Conj/Hex       0%         3d6       100%        4
 Petrify                  Tmut/Erth      0%         N/A       100%        4
 Alistair's Intoxication  Tmut/Pois      0%         N/A       100%        5
 Blade Hands              Tmut           0%         N/A       100%        5
 Borgnjor's Vile Clutch   Necr/Erth      0%         N/A       100%        5
 Irradiate                Conj/Tmut      0%         3d11      100%        5
 Eringya's Noxious Bog    Tmut/Pois      0%         N/A       100%        6
 Iron Shot                Conj/Erth      0%         9d1       100%        6
 Borgnjor's Revivificati  Necr           0%         N/A       100%        8
 Necromutation            Tmut/Necr      0%         N/A       100%        8
 Death's Door             Necr           0%         N/A       100%        9


Dungeon Overview and Level Annotations

Branches:
Dungeon (12/15)            Temple (1/1) D:4            Lair (5/5) D:8
  Swamp (4/4) Lair:2        Snake (4/4) Lair:3        Slime (0/5) Lair:5
    Orc (0/2) D:11          Sewer (visited)         Ossuary (visited)
 Bailey (visited)

Altars:
Ashenzari
Cheibriados
Dithmenos
Fedhas
Gozag
Kikubaaqudgha
Makhleb
Nemelex Xobeh
Qazlal
Ru
Trog
Uskayaw
Wu Jian
Yredelemnul
Jiyva
Lugonu

Shops:
D:1 [   D:2 *   D:7 =   Lair:2 (   Lair:5 (   Snake:2 :==   Snake:4 (

Portals:
Abyss: Lair:5


Innate Abilities, Weirdness & Mutations

You are completely covered in yellow scales. (AC +4, rCorr)
A meltable icy envelope protects you from harm. (AC +4)
You sometimes gain power by taking damage.
A meltable shield of frost defends you. (SH +4)
Your presence sometimes corrodes or deforms those you injure.
You have a tail ending in a sharp stinger.
Your flesh is cold resistant. (rC+)
You passively map a small area around you.


Message History

The death drake is caught in the net!
The death drake is moderately wounded.
* * * LOW HITPOINT WARNING * * *
You feel extremely sick. The death drake breathes miasma at you.
The foul vapour engulfs you.
You are lethally poisoned!
* * * LOW HITPOINT WARNING * * *
The death drake struggles against the net.
Aiming: Mindburst
Press: ? - help, Q - select action, (/) - cycle Shift-Dir - straight line, f/p - death drake
Aim: a death drake (foul pestilence, moderately wounded, entangled in a net, catching its breath, chance to affect: 85%)
The death drake's mind is blasted!!!
Your corrupting presence corrodes the death drake!
You are engulfed in dark miasma.
You are more poisoned.
* * * LOW HITPOINT WARNING * * *
You focus on the pain.
You feel very mighty all of a sudden.
You feel extremely sick.
The death drake struggles against the net. x2
Unknown command.
You feel better.
The death drake struggles against the net.
The death drake breathes miasma at you. The foul vapour misses you.
The death drake struggles against the net.
The net rips apart, and the death drake comes free!
Aiming: Mindburst
Press: ? - help, Q - select action, (/) - cycle Shift-Dir - straight line, f/p - death drake
Aim: a death drake (almost dead, catching its breath, covered in acid, chance to affect: 85%)
The death drake's mind is blasted!!
You blow up the death drake!
You hear a splash.
You are engulfed in dark miasma.
You are lethally poisoned!
You feel as though you will be slow longer.
* * * LOW HITPOINT WARNING * * *
You die...
Your body crumbles into a pile of gold.

♣.≈≈≈##°.°$$○.# ♣♣♣♣♣♣♣♣
♣♣♣♣♣.≈≈≈≈#○k.○.###
~.§♣..~♣♣♣♣♣
♣..§.$.≈≈≈○°☼○≈##*
§.♣..~.~~~~♣♣
♣§$~~..≈≈....###* ,
.♣~♣♣....~.§♣ ♣♣....≈§§..###
♣♣♣♣♣♣§....~♣♣♣^....≈~#### , ♣
♣♣♣~♣~♣♣♣.~~§.≈≈≈♣ ♣♣♣
♣♣~....~~~..≈≈♣#♣♣ .~♣
♣♣♣♣~♣<..~~~@..~~..≈♣♣ ~.♣
♣~~...[~~~..~.~~~~~~.♣♣♣ ..♣
♣~~~§~§~§.~~..~~~~~~~~~♣♣
~~♣♣♣.~~~~~$~§~~$..~~~~~~.~.♣
...~♣♣♣...~~~~~.<.~.♣..~..♣♣♣
§♣♣♣♣♣.~..~~~~~....♣♣♣~.~..♣♣
♣≈≈♣♣♣~~~~~~.....♣♣~♣♣~.~~~.♣♣
♣≈≈♣≈~~~§~~~.♣~♣.........~~~.♣
♣≈≈≈≈♣♣♣♣....~♣..~♣○○..♣..~~~♣


There were no monsters in sight!

Vanquished Creatures
  Nikola (Swamp:3)
  Vashnia (Snake:3)
  A tentacled monstrosity (Swamp:4)
  Agnes (Snake:1)
  A sphinx (Swamp:2)
  Donald (Swamp:2)
  A fenstrider witch (Swamp:4)
  3 nagarajas
  Aizul (Snake:3)
  4 eleionomae
  2 bunyips (Swamp:4)
  A shambling mangrove (Swamp:4)
  2 boulder beetles
  9 hydras
  3 salamander tyrants (Snake:4)
  A ghost crab (Swamp:4)
  18 anacondas
  A centaur warrior (D:12)
  7 alligators
  13 naga warriors
  A two-headed ogre (D:10)
  12 death yaks
  3 thrashing horrors (Lair:5)
  14 naga sharpshooters
  7 shock serpents
  2 salamander mystics (Snake:4)
  2 spriggan druids
  A death drake (Swamp:4)
  2 goliath frogs
  2 sea snakes (Snake:4)
  6 naga ritualists
  A spectral hydra (Swamp:4)
  7 bog bodies
  2 swamp dragons
  Pikel (D:6)
  4 lindwurms (Snake:4)
  11 mana vipers
  2 oklob plants (Lair:4)
  4 ugly things
  A salamander (shapeshifter) (Lair:5)
  11 salamanders
  3 elephants (Lair:5)
  3 will-o-the-wisps
  A black mamba (shapeshifter) (Lair:5)
  6 naga magi
  40 black mambas
  3 centaur zombies (D:10)
  2 gargoyles
  9 guardian serpents
  2 torpor snails
  7 cane toads
  7 komodo dragons
  4 swamp worm zombies (Swamp:4)
  A kobold demonologist (D:12)
  2 ancient zymes (Lair:5)
  2 bloated husks
  3 trolls (D:10)
  A hydra zombie (Swamp:4)
  4 tyrant leeches
  12 hornets
  16 blink frogs (Lair:5)
  3 alligator zombies (Swamp:4)
  3 spectral swamp dragons (Swamp:4)
  3 dream sheep (Lair:5)
  12 spriggans
  Sigmund (D:6)
  2 vampires
  2 ynoxinuls (Lair:5)
  7 shadows
  6 wraiths (D:10)
  A human (shapeshifter) (Lair:5)
  A wyvern (D:9)
  62 yaks
  6 basilisks (Lair:5)
  12 vampire mosquitoes (Swamp:1)
  A chaos spawn (Lair:5)
  Edmund (D:6)
  11 swamp worms
  3 wargs (D:8)
  A swamp worm (shapeshifter) (Lair:5)
  An acid dragon (D:12)
  A large abomination (Lair:5)
  24 nagas
  14 water moccasins
  11 small abominations (Lair:5)
  Pargi (Sewer)
  3 swamp drakes
  6 orc warriors
  3 swamp dragon zombies (Swamp:4)
  A black bear (D:6)
  4 ogres
  A sky beast (D:7)
  4 centaurs
  11 wolves
  3 kobold brigands
  An elf zombie (Ossuary)
  12 bullfrogs
  6 necrophages
  2 scorpions (D:6)
  14 wights
  8 vampire bats (Bailey)
  A howler monkey (D:10)
  9 wolf zombies (Bailey)
  4 orc priests
  3 jellies
  A gnoll bouda (D:7)
  12 orc wizards
  8 iguanas
  A spectral swamp drake (Swamp:4)
  A killer bee zombie (D:5)
  2 hound zombies
  4 mummies (Ossuary)
  Robin (D:2)
  A swamp drake zombie (Swamp:4)
  8 adders
  7 gnolls
  2 howler monkey zombies (D:10)
  A shadow imp (D:6)
  3 white imps
  2 adder zombies (Ossuary)
  A worm (D:3)
  5 dart slugs
  41 orcs
  7 ball pythons
  6 bats
  12 endoplasms
  6 giant cockroaches
  A gnoll zombie (Ossuary)
  14 goblins
  7 hobgoblins
  4 jackals (D:4)
  23 kobolds
  5 quokkas
  6 frilled lizards
  2 goblin zombies (Ossuary)
  A kobold zombie (Ossuary)
  22 orc zombies
  8 rats
  A rat zombie (Ossuary)
808 creatures vanquished.

Vanquished Creatures (collateral kills)
  Saint Roka (Snake:4)
  An orc (Snake:4)
2 creatures vanquished.

Vanquished Creatures (others)
  A ghost crab (Swamp:4)
  A goliath frog (Swamp:2)
  A spriggan druid (Swamp:3)
  A will-o-the-wisp (Swamp:4)
  7 bloated husks
  A vampire (D:10)
  An orc priest (D:9)
  A butterfly (Lair:5)
  16 foxfires (Swamp:4)
  11 fungi
  22 plants
  5 withered plants (D:10)
68 creatures vanquished.

Grand Total: 878 creatures vanquished

Notes
Turn   | Place    | Note
-------+----------+-------------------------------------------
     0 | D:1      | Newt the Demonspawn Gladiator began the quest for the Orb.
     0 | D:1      | Reached XP level 1. HP: 16/16 MP: 1/1
   114 | D:1      | Reached skill level 1 in Stealth
   296 | D:1      | Found a faded altar of an unknown god.
   308 | D:1      | Gained mutation: You are partially covered in yellow
                  | scales. (AC +2) [demonic ancestry]
   308 | D:1      | Reached XP level 2. HP: 14/22 MP: 2/2
  1079 | D:1      | Found Fuepsi Teli's Armour Emporium.
  1265 | D:1      | Reached XP level 3. HP: 28/28 MP: 3/3
  1610 | D:2      | Found Kinkicar's General Store.
  1667 | D:2      | Bought a scroll of identify for 20 gold pieces
  1667 | D:2      | Bought a scroll of identify for 20 gold pieces
  1911 | D:2      | Noticed Robin
  1943 | D:2      | Killed Robin
  1944 | D:2      | Reached XP level 4. HP: 23/37 MP: 4/4
  2393 | D:3      | Found an opulent altar of Gozag.
  2410 | D:3      | Became a worshipper of Gozag Ym Sagoz the Greedy
  2654 | D:3      | Reached XP level 5. HP: 40/42 MP: 5/5
  2996 | D:4      | Noticed an ogre
  3007 | D:4      | Killed an ogre
  3166 | D:4      | Gained mutation: You sometimes gain a little power by
                  | taking damage. [demonic ancestry]
  3166 | D:4      | Reached XP level 6. HP: 48/48 MP: 6/6
  3568 | D:4      | Found a staircase to the Ecumenical Temple.
  3591 | D:4      | Found a snail-covered altar of Cheibriados.
  3719 | D:5      | Entered Level 5 of the Dungeon
  3772 | D:5      | Found a glowing drain.
  3809 | Sewer    | Entered a sewer
  3907 | Sewer    | Noticed Pargi
  3927 | Sewer    | Killed Pargi
  4042 | D:5      | Gained mutation: You have a small tail. [demonic ancestry]
  4042 | D:5      | Reached XP level 7. HP: 38/54 MP: 7/7
  4218 | D:5      | Reached skill level 5 in Short Blades
  4372 | D:5      | Found an ancient bone altar of Kikubaaqudgha.
  4375 | D:5      | Found a shadowy altar of Dithmenos.
  4568 | D:5      | Found a basalt altar of Yredelemnul.
  4988 | D:6      | Noticed Edmund
  5003 | D:6      | Killed Edmund
  5226 | D:6      | Gained mutation: A meltable shield of frost defends you.
                  | (SH +4) [demonic ancestry]
  5226 | D:6      | Reached XP level 8. HP: 60/60 MP: 8/8
  5229 | D:6      | Noticed Sigmund
  5238 | D:6      | Killed Sigmund
  5792 | D:6      | Noticed Pikel
  5809 | D:6      | Killed Pikel
  6023 | D:6      | Reached skill level 1 in Armour
  6234 | D:6      | Gained mutation: You sometimes gain power by taking damage.
                  | [demonic ancestry]
  6234 | D:6      | Reached XP level 9. HP: 64/65 MP: 9/9
  6283 | D:7      | Found Qorhirudu's Jewellery Shop.
  6471 | D:7      | Bought an amulet of reflection for 330 gold pieces
  6532 | D:7      | Found a sand-covered staircase.
  6538 | Ossuary  | Entered an ossuary
  6883 | D:7      | Gained mutation: Potions are less effective at restoring
                  | your health. [potion of mutation]
  6884 | D:7      | Lost mutation: Potions are less effective at restoring your
                  | health. [potion of mutation]
  6884 | D:7      | Gained mutation: Your flesh is cold resistant. (rC+)
                  | [potion of mutation]
  6884 | D:7      | Gained mutation: You passively map a small area around you.
                  | [potion of mutation]
  6884 | D:7      | Gained mutation: Your spells are a little harder to cast,
                  | but a little more powerful. [potion of mutation]
  6887 | D:7      | Gained mutation: A meltable icy envelope protects you from
                  | harm. (AC +4) [demonic ancestry]
  6887 | D:7      | Reached XP level 10. HP: 77/77 MP: 10/10
  7697 | D:8      | Found a staircase to the Lair.
  7974 | D:8      | Reached skill level 10 in Short Blades
  8234 | D:8      | Reached skill level 1 in Evocations
  8768 | D:9      | Found a flagged portal.
  8777 | Bailey   | Entered a bailey
  9124 | Bailey   | Noticed a gargoyle
  9131 | Bailey   | Killed a gargoyle
  9255 | Bailey   | Identified the +2 pair of boots of the Terrible God {rC++
                  | Str+6}
  9610 | D:9      | Gained mutation: You are mostly covered in yellow scales.
                  | (AC +3) [demonic ancestry]
  9610 | D:9      | Reached XP level 11. HP: 71/83 MP: 11/11
  9619 | D:9      | Reached skill level 5 in Evocations
 10748 | D:10     | Entered Level 10 of the Dungeon
 11756 | D:10     | Noticed a two-headed ogre
 11782 | D:10     | Killed a two-headed ogre
 11783 | D:10     | Reached skill level 10 in Armour
 11957 | D:1      | Bought the +1 crystal plate armour of the Boiling Point
                  | {Slay+3} for 1032 gold pieces
 12065 | Lair:1   | Entered Level 1 of the Lair of Beasts
 12225 | Lair:1   | Gained mutation: You have a tail ending in a sharp stinger.
                  | [demonic ancestry]
 12225 | Lair:1   | Reached XP level 12. HP: 66/89 MP: 12/12
 12361 | Lair:1   | Noticed a death yak
 12394 | Lair:1   | Killed a death yak
 12955 | Lair:2   | Found a staircase to the Swamp.
 13380 | Lair:2   | Noticed a seven-headed hydra
 13400 | Lair:2   | Killed a seven-headed hydra
 13401 | Lair:2   | Reached skill level 10 in Shields
 13764 | Lair:3   | Noticed a boulder beetle
 13785 | Lair:3   | Killed a boulder beetle
 14059 | Lair:3   | Found a staircase to the Snake Pit.
 14645 | Lair:3   | Identified the +9 long sword of Eskumer {vorpal, rElec}
 15343 | Lair:4   | Reached XP level 13. HP: 101/101 MP: 13/13
 15744 | Lair:4   | Reached skill level 1 in Long Blades
 15976 | Lair:4   | Found a blossoming altar of Fedhas.
 16525 | Lair:5   | Entered Level 5 of the Lair of Beasts
 16790 | Lair:5   | Reached skill level 10 in Fighting
 17141 | Lair:5   | Reached skill level 5 in Long Blades
 17985 | Lair:5   | Found a corrupted altar of Lugonu.
 17985 | Lair:5   | Found a one-way gate to the infinite horrors of the Abyss.
 18026 | Lair:5   | Bought a masterwork dagger for 245 gold pieces
 18026 | Lair:5   | Identified the +6 dagger of Heagik {venom, rPois Str+4
                  | Dex-5 SInv} (You bought it in a shop on level 5 of the Lair
                  | of Beasts)
 18345 | Lair:5   | Found a viscous altar of Jiyva.
 18345 | Lair:5   | Found a staircase to the Slime Pits.
 18368 | Lair:5   | Reached skill level 10 in Evocations
 18368 | Lair:5   | Gained mutation: Your presence sometimes corrodes those you
                  | injure. [demonic ancestry]
 18368 | Lair:5   | Reached XP level 14. HP: 97/110 MP: 14/14
 18934 | Swamp:1  | Entered Level 1 of the Swamp
 18979 | Snake:1  | Entered Level 1 of the Snake Pit
 19415 | Snake:1  | You fall into a shaft and drop 1 floor!
 20896 | Snake:2  | Found Tuedwem's Jewellery Boutique.
 20897 | Snake:2  | Found Nererit's Book Emporium.
 20898 | Snake:2  | Found Oxagaral's Jewellery Boutique.
 20908 | Snake:2  | Bought a ring of the Octopus King {HP+2 AC+2 EV+2 SH+2
                  | SInv} for 976 gold pieces
 20908 | Snake:2  | Found the ring of the Octopus King {HP+2 AC+2 EV+2 SH+2
                  | SInv}
 21111 | Snake:3  | Noticed Vashnia
 21786 | Snake:3  | HP: 5/112 [Vashnia/arrow (27)]
 21795 | Snake:3  | Killed Vashnia
 22144 | Snake:3  | Noticed a nagaraja
 22161 | Snake:3  | Killed a nagaraja
 22557 | Snake:3  | Noticed a nagaraja
 22814 | Snake:3  | Killed a nagaraja
 22815 | Snake:3  | Reached skill level 5 in Dodging
 23260 | Snake:3  | Noticed Aizul
 23286 | Snake:3  | Killed Aizul
 24354 | Snake:3  | Gained mutation: Your presence sometimes corrodes or
                  | deforms those you injure. [demonic ancestry]
 24354 | Snake:3  | Reached XP level 15. HP: 39/115 MP: 15/15
 25289 | Snake:4  | Entered Level 4 of the Snake Pit
 26579 | Snake:4  | Noticed a nagaraja
 26745 | Snake:4  | Killed a nagaraja
 26989 | Snake:4  | Noticed Saint Roka
 27025 | Snake:4  | Killed Saint Roka
 27899 | Snake:4  | Reached skill level 10 in Long Blades
 30555 | Snake:4  | Reached XP level 16. HP: 122/122 MP: 16/16
 30904 | Snake:4  | Got a serpentine rune of Zot
 31138 | Snake:1  | Noticed Agnes
 31148 | Snake:1  | Killed Agnes
 31594 | Snake:1  | Identified the +2 spear "Rurutt" {drain, Str-4 Dex+3}
 33261 | D:11     | Found a staircase to the Orcish Mines.
 33549 | Snake:4  | Bought an ichor-stained great sword for 264 gold pieces
 33549 | Snake:4  | Identified the +6 great sword of Jisausy {speed, rC- rCorr
                  | Dex+8} (You bought it in a shop on level 4 of the Snake
                  | Pit)
 33731 | Temple   | Entered the Ecumenical Temple
 35534 | Snake:4  | Bought the +11 plutonium sword {Contam Stlth-} for 2300
                  | gold pieces
 35534 | Snake:4  | Found the +11 plutonium sword {Contam Stlth-}
 36116 | Swamp:1  | Identified 2 scrolls of acquirement
 36118 | Swamp:1  | Acquired the +4 demon blade "Lurghecin" {elec, rC+ rCorr
                  | Str+3 Dex+4}
 36120 | Swamp:1  | Acquired 835 gold pieces
 36685 | Swamp:2  | Noticed Donald
 36700 | Swamp:2  | Killed Donald
 37884 | Swamp:3  | Paralysed by a fenstrider witch for 2 turns
 37891 | Swamp:3  | Noticed a quicksilver dragon
 37891 | Swamp:3  | a fenstrider witch changed into a quicksilver dragon
 37908 | Swamp:2  | Noticed a sphinx
 37908 | Swamp:2  | a quicksilver dragon changed into a sphinx
 37910 | Swamp:2  | Killed a sphinx
 37942 | Swamp:2  | Lost mutation: Your spells are a little harder to cast, but
                  | a little more powerful. [mutagenic glow]
 38562 | Swamp:3  | Noticed Nikola
 38597 | Swamp:3  | Killed Nikola
 38598 | Swamp:3  | Gained mutation: You are completely covered in yellow
                  | scales. (AC +4, rCorr) [demonic ancestry]
 38598 | Swamp:3  | Reached XP level 17. HP: 39/133 MP: 17/17
 39168 | Swamp:4  | Entered Level 4 of the Swamp
 41746 | Swamp:4  | Noticed a tentacled monstrosity
 41780 | Swamp:4  | Killed a tentacled monstrosity
 42954 | Snake:2  | Bought a ring of positive energy for 380 gold pieces
 43885 | Swamp:4  | HP: 1/140 [poisoned by a death drake (foul vapour)]
 44503 | Swamp:4  | HP: 1/140 [poisoned by a death drake (dark miasma)]
 44505 | Swamp:4  | Succumbed to poison (dark miasma)

Illustrated notes

Levels and vault maps discovered:
D:1:      dpeg_arrival_tiny_i, layout_loops_corners, serial_shops,
          nicolae_shop_hallway_plus,
          hellmonk_ecumenical_altar_pennies_from_heaven
D:2:      layout_basic, serial_shops, shop, st_stairs_1, interstate_on_off,
          uniq_robin
D:3:      layout_rooms, nicolae_gozag_seed_capital, st_stairs_7
D:4:      layout_cave_pools, marbit_many_paths, minmay_temple_entry_overgrown
D:5:      layout_rooms, nicolae_overflow_squiral,
          lemuel_zombie_altar_yredelemnul, portal_sewer_entry_f
D:6:      layout_gridville, uniq_edmund, uniq_pikel, uniq_sigmund
D:7:      layout_basic, serial_shops, shop, nicolae_ossuary_entry_plus,
          minivault_4, amcnicky_mini_pool_small, nrook_uturn
D:8:      layout_loops_corners, general_overflow_altar,
          erik_lair_orcish_takeover, nicolae_sextant,
          nicolae_concentric_dashed_squares_wild
D:9:      layout_grid_maze, enter_bailey_2
D:10:     layout_roguey, serial_undead, serial_undead_d, serial_undead_b,
          serial_undead_f, serial_undead_b, serial_undead_c, serial_undead_c
D:11:     layout_cave_pools, erik_orc_1, kennysheep_generic_room_15
D:12:     layout_roguey
Temple:   compressed_dpeg_triangle_lava_temple
Lair:1:   layout_hall_layers, serial_bayou_shore_b, grunt_megastairs_1
Lair:2:   layout_hall_layers, skrybe_swamp_entry_bodies
Lair:3:   layout_regular_city, minmay_snake_entry_six_corridors,
          grunt_forest_small_clearings
Lair:4:   layout_long_grid, hangedman_tree_tricks, lemuel_fruit_fields
Lair:5:   hellmonk_lair_end_abyssal_woods, layout_regular_city,
          nicolae_slime_entry_slimehenge, lemuel_fruit_fields
Swamp:1:  layout_basic_swamp, evilmike_swamp_ruin_wall
Swamp:2:  layout_falls_marsh, evilmike_swamp_ruin_rubble_2, uniq_donald
Swamp:3:  layout_falls_marsh, nicolae_swamp_rocky_clearing, uniq_nikola
Swamp:4:  swamp_pestilence, layout_basic_swamp, swamp_pool3,
          nicolae_swamp_super_fun_site, infiniplex_staircase_pool
Snake:1:  layout_onion_interference, uniq_agnes
Snake:2:  layout_misc_corridors, minmay_shop_grove, nicolae_triple_integral
Snake:3:  layout_layer_cave, uniq_aizul, uniq_vashnia
Snake:4:  snake_pit_salamanders_mu, layout_cave_town, serial_bayou_ford_a,
          uniq_saint_roka

Skill      XL: |  1  2  3  4  5  6  7  8  9 10 11 12 13 14 15 16 17 |
---------------+----------------------------------------------------+-----
Stealth        | 1 2 |  2.0
Fighting       | 3 4 6 9 10 12 13 | 13.9
Short Blades   | 3 4 6 8 9 10 | 10.0
Shields        | 2 4 6 10 | 10.0
Dodging        | 4 6 8 |  8.3
Throwing       | 2 4 |  4.0
Armour         | 1 7 8 10 | 10.0
Evocations     | 4 8 10 14 | 14.0
Long Blades    | 7 12 14 | 14.8

Action                   |  1- 3 |  4- 6 |  7- 9 | 10-12 | 13-15 | 16-18 || total
-------------------------+-------+-------+-------+-------+-------+-------++-------
Melee: Rapier            |   122 |       |   163 |   692 |       |       ||   977
       Dagger            |    18 |   217 |   149 |   784 |   364 |    35 ||  1567
       Punch             |     2 |     1 |       |       |       |       ||     3
       Tailslap          |       |       |    59 |   330 |   252 |   195 ||   836
       Long sword        |       |       |       |       |   923 |   702 ||  1625
       Great sword       |       |       |       |       |       |   227 ||   227
       Triple sword      |       |       |       |       |       |    42 ||    42
Throw: Dart              |       |     3 |       |     4 |       |     2 ||     9
       Throwing net      |       |       |     1 |       |     2 |     5 ||     8
Invok: Call Merchant     |       |       |       |     1 |     2 |       ||     3
Evoke: Wand              |       |       |       |       |     6 |     8 ||    14
       Condenser vane    |       |       |       |       |     1 |       ||     1
  Use: Scroll            |     8 |    12 |     7 |    10 |     6 |     6 ||    49
       Potion            |     2 |       |     4 |     3 |    11 |     3 ||    23
 Stab: Sleeping          |     1 |       |       |     1 |       |       ||     2
       Distracted        |       |       |     2 |     4 |     7 |     5 ||    18
       Held in net/web   |       |       |       |       |     1 |       ||     1
       Confused          |       |       |       |       |       |     1 ||     1
Armor: Leather armour    |     9 |       |       |       |       |       ||     9
       Pearl dragon scal |    61 |   105 |   104 |   281 |       |    11 ||   562
       Crystal plate arm |       |       |       |   116 |   462 |   222 ||   800
       Plate armour      |       |       |       |       |       |   292 ||   292
Dodge: Dodged            |    61 |    81 |    99 |   344 |   283 |   364 ||  1232
Block: Kite shield       |       |    85 |   265 |  1385 |  1672 |   828 ||  4235
       Reflection        |       |       |       |    13 |   153 |    14 ||   180
       Other             |       |       |       |       |       |   113 ||   113

Table legend: (Time is in decaauts)
 A = Elapsed time spent in this place.
 B = Non-inter-level travel time spent in this place.
 C = Inter-level travel time spent in this place.
 D = Time resting spent in this place.
 E = Time spent auto-exploring this place.
 F = Levels seen in this place.
 G = Mean time per level.
                   A        B        C        D        E       F      G
               +--------+--------+--------+--------+--------+-----+--------+
         Total |  44197 |  41126 |   3071 |  12695 |  20226 |  29 | 1524.0 |
       Dungeon |  13248 |  11990 |   1258 |    635 |   8916 |  12 | 1104.0 |
        Temple |      1 |      0 |      1 |      0 |      0 |   1 |    1.0 |
          Lair |   7234 |   6328 |    906 |    701 |   4383 |   5 | 1446.8 |
         Swamp |   8590 |   8343 |    247 |   4750 |   1998 |   4 | 2147.5 |
     Snake Pit |  13967 |  13310 |    657 |   6609 |   4290 |   4 | 3491.8 |
         Sewer |    238 |    238 |      0 |      0 |    124 |   1 |  238.0 |
       Ossuary |    337 |    337 |      0 |      0 |    209 |   1 |  337.0 |
        Bailey |    578 |    578 |      0 |      0 |    305 |   1 |  578.0 |
               +--------+--------+--------+--------+--------+-----+--------+

Top non-repeatable levels by time:
 Snake:4: 5793 daAuts
 Snake:3: 3788 daAuts
 Swamp:3: 3194 daAuts
 Swamp:4: 2749 daAuts
  Lair:5: 2561 daAuts
 Snake:2: 2359 daAuts
 Snake:1: 2026 daAuts
     D:9: 1589 daAuts
 Swamp:2: 1577 daAuts
     D:1: 1555 daAuts
  Lair:3: 1535 daAuts
     D:6: 1370 daAuts
    D:10: 1351 daAuts
  Lair:4: 1236 daAuts
     D:8: 1227 daAuts
